[ AOE2 MATCH · #471370084 ]
UnrankedMongols vs Goths
Player's team · LOSS
Rival team · WIN
[ REPLAY ANALYSIS · EXTRACTED FROM THE RECORDED GAME ]
Feudal
—
Castle
—
Imperial
—
| APM avg | 51.2 |
| APM peak | 99 |
| eAPM avg | 17.8 |
| Villagers / military | 18 / 0 |
Focus
⚔️ 33.0% · 🌾 67.0%
Feudal
—
Castle
—
Imperial
—
| APM avg | 37.2 |
| APM peak | 76 |
| eAPM avg | 14.2 |
| Villagers / military | 24 / 0 |
Focus
⚔️ 21.0% · 🌾 79.0%
Match map
Initial resources + every placement click. Lines = walls · curves = elevation contours. ◆ gold · ⬟ stone · ● berries · ✦ relic · ◌ wall gap
Your base· Open — unwalled flank
Red_Badgers's base· Open — unwalled flank
Smoothed initial terrain · ◌ = detected wall gap · hover for details
Inputs per minute
— NuMa | Maurofarfan01 - - Red_Badgers
Build order — NuMa | Maurofarfan01
28 actions detected in the replay
| 0:01 | Create | Villager (Male) |
| 0:01 | Create | Villager (Male) |
| 0:02 | Create | Villager (Male) |
| 0:02 | Create | Villager (Male) |
| 0:03 | Build | House |
| 0:04 | Build | House |
| 1:25 | Research | Loom |
| 1:49 | Create | Villager (Male) |
| 2:03 | Create | Villager (Male) |
| 2:40 | Create | Villager (Male) |
| 2:45 | Create | Villager (Male) |
| 2:45 | Create | Villager (Male) |
| 3:07 | Build | Lumber Camp |
| 3:13 | Create | Villager (Male) |
| 3:16 | Create | Villager (Male) |
| 3:31 | Create | Villager (Male) |
| 3:53 | Build | House |
| 4:38 | Create | Villager (Male) |
| 5:11 | Create | Villager (Male) |
| 5:11 | Create | Villager (Male) |
| 5:54 | Create | Villager (Male) |
| 6:14 | Build | Palisade Wall |
| 6:27 | Create | Villager (Male) |
| 8:04 | Build | Town Center |
| 8:21 | Build | Palisade Wall |
| 8:23 | Build | Palisade Wall |
| 8:31 | Build | Palisade Wall |
| 8:55 | Create | Villager (Male) |
Build order — Red_Badgers
34 actions detected in the replay
| 0:04 | Build | House |
| 0:06 | Research | Loom |
| 0:07 | Create | Villager (Male) |
| 0:13 | Create | Villager (Male) |
| 0:13 | Create | Villager (Male) |
| 0:20 | Create | Villager (Male) |
| 0:21 | Create | Villager (Male) |
| 1:35 | Build | House |
| 2:01 | Create | Villager (Male) |
| 2:27 | Create | Villager (Male) |
| 2:50 | Create | Villager (Male) |
| 3:15 | Create | Villager (Male) |
| 3:32 | Create | Villager (Male) |
| 3:58 | Build | Lumber Camp |
| 4:03 | Create | Villager (Male) |
| 4:04 | Create | Villager (Male) |
| 4:24 | Build | House |
| 4:32 | Create | Villager (Male) |
| 5:21 | Create | Villager (Male) |
| 5:23 | Build | House |
| 5:36 | Create | Villager (Male) |
| 5:49 | Create | Villager (Male) |
| 5:51 | Build | House |
| 6:18 | Create | Villager (Male) |
| 6:26 | Build | House |
| 6:27 | Create | Villager (Male) |
| 6:33 | Build | House |
| 7:31 | Build | Lumber Camp |
| 7:46 | Create | Villager (Male) |
| 11:10 | Create | Villager (Male) |
| 11:10 | Create | Villager (Male) |
| 11:10 | Create | Villager (Male) |
| 11:10 | Create | Villager (Male) |
| 11:11 | Create | Villager (Male) |
Match timeline
| 6:14 | NuMa | Maurofarfan01 · wall_segment Palisade Wall x1 |
| 8:21 | NuMa | Maurofarfan01 · wall_segment Palisade Wall x1 |
| 8:23 | NuMa | Maurofarfan01 · wall_segment Palisade Wall x1 |
| 8:31 | NuMa | Maurofarfan01 · wall_segment Palisade Wall x1 |
| 12:38 | NuMa | Maurofarfan01 · resign |
[ AI ANALYSIS · 1 CREDIT ]
What really happened in this match?
Wolo.gg analyzes every decision: build order, eco, micro, common mistakes by bracket. Personalized analysis on WhatsApp or Discord in 30 seconds.
Civ guide
Mongols
Perfil
Jugador #3044524